 Dungeon Crawl Stone Soup version 0.29.1-2-gbd0b4ee654 (webtiles) character file.

Game seed: 3463603915211207152

476 glosham the Chopper (level 7, 0/52 HPs)
             Began as a Formicid Monk on Oct 30, 2022.
             Was a Believer of Okawaru.
             Slain by Prince Ribbit (14 damage)
             ... on level 5 of the Dungeon.
             The game lasted 01:29:55 (3391 turns).

glosham the Chopper (Formicid Monk)                 Turns: 3391, Time: 01:29:55

Health: 0/52       AC:  9    Str: 23    XL:     7   Next: 32%
Magic:  5/7        EV: 15    Int: 10    God:    Okawaru [**....]
Gold:   225        SH:  0    Dex: 16    Spells: 4/6 levels left

rFire   . . .      SeeInvis +   a - +2 war axe (vorpal)
rCold   . . .      Faith    +   (no shield)
rNeg    . . .      Spirit   .   X - +0 ring mail
rPois   +          Reflect  .   (helmet unavailable)
rElec   .          Harm     .   Y - +0 cloak
rCorr   .          Rampage  .   U - +0 pair of gloves
Will    .....                   V - +0 pair of boots
Stlth   +++.......              z - amulet of faith
HPRegen 0.17/turn               A - +6 ring of strength
MPRegen 0.10/turn               P - ring of poison resistance

@: heroic
A: permanent stasis, dig shafts and tunnels, antennae 3, four strong arms
a: Dig, Shaft Self, Renounce Religion, Heroism


You were on level 5 of the Dungeon.
You worshipped Okawaru.
Okawaru was pleased with you.
You visited 1 branch of the dungeon, and saw 5 of its levels.

You collected 225 gold pieces.

Inventory:

Hand Weapons
 a - a +2 vorpal war axe (weapon)
 b - a +1 vorpal trident
 c - a +0 sling
Missiles
 n - 3 boomerangs
 o - 6 poisoned darts (quivered)
Armour
 U - a +0 pair of gloves (worn)
 V - a +0 pair of boots (worn)
 X - a +0 ring mail (worn)
 Y - a +0 cloak (worn)
Jewellery
 z - an amulet of faith (around neck)
 A - a +6 ring of strength (left hand)
 P - a ring of poison resistance (right hand)
Potions
 d - 2 potions of curing
 e - a potion of haste {unknown}
 f - a potion of flight {unknown}
 g - 2 potions of mutation {unknown}
 h - a potion of might {unknown}
 l - 3 potions of heal wounds
 m - a potion of resistance {unknown}
 p - a potion of degeneration {unknown}
 t - a potion of ambrosia
 u - a potion of lignification {unknown}


   Skills:
 - Level 3.2(8.2) Fighting
 * Level 7.8(12.8) Axes
 - Level 2.6(7.6) Dodging
 - Level 2.4(7.4) Stealth


You had 4 spell levels left.
You knew the following spells:

 Your Spells              Type           Power      Damage    Failure   Level
p - Passwall              Tmut/Erth      0%         N/A       65%         2

Your spell library contained the following spells:

 Spells                   Type           Power      Damage    Failure   Level
 Ensorcelled Hibernation  Hex/Ice        0%         N/A       65%         2
 Poisonous Vapours        Pois/Air       0%         N/A       65%         2
 Dazzling Flash           Conj/Hex       0%         N/A       86%         3
 Spider Form              Tmut/Pois      0%         N/A       86%         3
 Iskenderun's Mystic Bla  Conj/Tloc      0%         2d3       99%         4
 Freezing Cloud           Conj/Ice/Air   0%         6-21      100%        5
 Starburst                Conj/Fire      0%         6d3       100%        6
 Swiftness                Air            Unusable   N/A       N/A         3
 Summon Ice Beast         Ice/Summ       Unusable   N/A       N/A         4

Dungeon Overview and Level Annotations

Branches:
Dungeon (5/15)
 Temple: D:4-7

Altars:
Okawaru

Annotations:
D:5 Prince Ribbit


Innate Abilities, Weirdness & Mutations

You cannot be hasted, slowed, berserked, paralysed or teleported.
You can dig through walls and to a lower floor.
You have a pair of large antennae on your head. (SInv)
Your four strong arms can wield two-handed weapons with a shield.


Message History

Menkaure gestures at you while chanting.
Pain shoots through your body!
You slash Menkaure!
You destroy Menkaure!
Okawaru is honoured by your kill.
You have reached level 7!
Found an escape hatch in the floor.
There is a stone staircase leading up here.
There is a stone staircase leading up here.
Found 4 poisoned darts.
There is an escape hatch in the floor here.
Prince Ribbit comes into view.
You see here 4 poisoned darts.
o - 6 poisoned darts (gained 4) Prince Ribbit croaks.
You gain the combat prowess of a mighty hero.
You hit Prince Ribbit.
Prince Ribbit is lightly wounded.
Prince Ribbit hits you!
You miss Prince Ribbit. Your punch misses Prince Ribbit.
Prince Ribbit is lightly wounded.
Prince Ribbit hits you but does no damage.
You miss Prince Ribbit.
Prince Ribbit is lightly wounded.
Prince Ribbit closely misses you.
An adder comes into view.
Prince Ribbit hits you!
* * * LOW HITPOINT WARNING * * *
Unknown command.
The adder hisses angrily.
You slash Prince Ribbit!
Prince Ribbit is heavily wounded.
Prince Ribbit blinks!
You barely miss Prince Ribbit.
Prince Ribbit is heavily wounded.
Prince Ribbit closely misses you.
You slash Prince Ribbit!
Prince Ribbit is almost dead.
Prince Ribbit hits you!
You die...

#.# #.# #.#
#.# # #.#
.# #># ...
#.#####....
#...F......
###@.##...
#..# #S.#
#..# #..#
#... ##.##
.# ..


You could see Prince Ribbit and an adder.

Vanquished Creatures
  Menkaure (D:5)
  2 hounds (D:4)
  2 orc priests (D:3)
  Crazy Yiuf (D:2)
  An iguana (D:4)
  An orc wizard (D:3)
  3 adders
  A shadow imp (D:4)
  2 white imps
  3 ufetubi (D:4)
  3 worms
  14 orcs
  5 ball pythons
  8 endoplasms
  A giant cockroach (D:3)
  5 goblins
  7 hobgoblins
  2 jackals (D:2)
  6 kobolds
  A quokka (D:1)
  8 bats
  5 frilled lizards
  6 rats
88 creatures vanquished.

Vanquished Creatures (others)
  A demonic plant (D:4)
  15 plants (D:2)
16 creatures vanquished.

Grand Total: 104 creatures vanquished

Notes
Turn   | Place    | Note
-------+----------+-------------------------------------------
     0 | D:1      | glosham the Formicid Monk began the quest for the Orb.
     0 | D:1      | Reached XP level 1. HP: 18/18 MP: 1/1
   167 | D:2      | Reached XP level 2. HP: 11/24 MP: 2/2
   512 | D:1      | Reached skill level 4 in Axes
   512 | D:1      | Reached XP level 3. HP: 23/29 MP: 3/3
   544 | D:1      | Found a faded altar of an unknown god.
  1211 | D:4      | Reached XP level 4. HP: 25/35 MP: 4/4
  1283 | D:4      | Reached skill level 5 in Axes
  1387 | D:4      | Noticed a bullfrog
  1413 | D:4      | Reached XP level 5. HP: 31/41 MP: 5/5
  1430 | D:4      | Found an iron altar of Okawaru.
  1436 | D:4      | Became a worshipper of Warmaster Okawaru
  1436 | D:4      | Reached * piety under Okawaru
  1436 | D:4      | Reached ** piety under Okawaru
  1709 | D:4      | Reached skill level 6 in Axes
  1967 | D:2      | Reached XP level 6. HP: 47/47 MP: 6/6
  1978 | D:2      | Learned a level 2 spell: Passwall
  2561 | D:3      | HP: 2/47 [orc priest/divine providence (17)]
  2570 | D:3      | Reached skill level 7 in Axes
  3001 | D:1      | Got the Spellbook of Polar Toxicity
  3077 | D:1      | You fall into a shaft and drop 1 floor!
  3080 | D:2      | Found a runed translucent door.
  3081 | D:2      | Noticed Crazy Yiuf
  3088 | D:2      | Killed Crazy Yiuf
  3291 | D:2      | You fall into a shaft and drop 2 floors!
  3294 | D:4      | You fall into a shaft and drop 1 floor!
  3294 | D:5      | Entered Level 5 of the Dungeon
  3362 | D:5      | Noticed Menkaure
  3368 | D:5      | Killed Menkaure
  3369 | D:5      | Reached XP level 7. HP: 33/52 MP: 7/7
  3380 | D:5      | Noticed Prince Ribbit
  3391 | D:5      | Slain by Prince Ribbit

Illustrated notes

Levels and vault maps discovered:
D:1:      lightli_molten_gateway, layout_basic,
          hellmonk_ecumenical_altar_pennies_from_heaven
D:2:      layout_loops_ring, serial_bayou, serial_bayou_shore_b,
          serial_bayou_pond_e, serial_bayou_lake_a, serial_bayou_pond_e,
          serial_bayou_shore_a, uniq_crazy_yiuf_cottage
D:3:      layout_basic, supply_closet_lemuel
D:4:      layout_layer_cave, okawaru_gym_becter, serial_demonic,
          serial_demonic_c, serial_demonic_g, serial_demonic_e,
          serial_demonic_e, st_stairs_6, bh_walls_and_bars
D:5:      layout_loops_ring, nicolae_ru_path_of_blood, uniq_menkaure,
          uniq_sigmund, uniq_prince_ribbit1

Skill      XL: |  1  2  3  4  5  6 |
---------------+-------------------+-----
Axes           | 4 5 6 7 |  7.8
Fighting       | |  3.2
Dodging        | |  2.6
Stealth        | |  2.4

Action                   |  1- 3 |  4- 6 |  7- 9 || total
-------------------------+-------+-------+-------++-------
Melee: Hand axe          |    97 |   139 |       ||   236
       Punch             |     2 |     1 |       ||     3
       War axe           |       |    70 |     6 ||    76
Throw: Dart              |       |     2 |       ||     2
Invok: Heroism           |       |     1 |     1 ||     2
 Abil: Shaft Self        |       |     3 |       ||     3
  Use: Scroll            |       |     9 |       ||     9
       Potion            |       |     3 |       ||     3
 Stab: Sleeping          |     1 |     3 |       ||     4
       Distracted        |       |     1 |       ||     1
Armor: Robe              |    13 |       |       ||    13
       Ring mail         |    13 |    61 |     1 ||    75
Dodge: Dodged            |    75 |   101 |     2 ||   178
